 Dungeon Crawl Stone Soup version 0.24-a0-235-g3f03afc (webtiles) character file.

Game seed: 13316785020854173340

357 Chronos the Charmwright (level 6, -1/47 HPs)
             Began as a Barachi Skald on Apr 7, 2019.
             Killed from afar by an orc wizard (6 damage)
             ... with a magic dart
             ... on level 4 of the Dungeon on Apr 8, 2019.
             The game lasted 00:24:21 (4372 turns).

Chronos the Charmwright (Barachi Skald)             Turns: 4372, Time: 00:24:26

Health: -1/47      AC:  4    Str: 13    XL:     6   Next: 64%
Magic:  8/10       EV: 14    Int: 13    God:
Gold:   220        SH:  0    Dex: 13    Spells: 2/10 levels left

rFire    . . .     SeeInvis .   m - +0 trident (freeze)
rCold    . . .     Gourm    .   (no shield)
rNeg     . . .     Faith    .   b - +0 leather armour
rPois    .         Spirit   .   (no helmet)
rElec    .         Reflect  .   x - +0 cloak (curse)
rCorr    .         Harm     .   (no gloves)
MR       +....                  (no boots)
Stlth    +.........             (no amulet)
HPRegen  0.15/turn              h - ring of protection from magic
MPRegen  0.12/turn              p - +1 ring of evasion

@: shrouded, singing, slow
A: +LOS, swims, slowness 1, strong legs 1
a: Hop


You were on level 4 of the Dungeon.
You were hungry.

You visited 1 branch of the dungeon, and saw 4 of its levels.

You collected 220 gold pieces.

Inventory:

Hand Weapons
 a - a +0 falchion
 m - a +0 trident of freezing (weapon)
Missiles
 c - a throwing net
 i - 8 silver tomahawks (quivered)
 j - 3 tomahawks
Armour
 b - a +0 leather armour (worn)
 x - a cursed +0 cloak (worn)
Jewellery
 h - a ring of protection from magic (left hand)
 p - a +1 ring of evasion (right hand)
 w - an uncursed amulet of regeneration {unknown}
Scrolls
 e - 6 scrolls of identify {unknown}
 f - a scroll of noise {unknown}
 l - a scroll of remove curse {unknown}
 n - 2 scrolls of teleportation {unknown}
 u - a scroll of amnesia {unknown}
Potions
 g - a potion of heal wounds
 k - a potion of magic {unknown}
 o - 2 potions of degeneration {unknown}
 q - a potion of ambrosia {unknown}
 s - a potion of might {unknown}
 v - a potion of lignification {unknown}
Comestibles
 d - 3 rations


   Skills:
 + Level 3.6 Fighting
 - Level 2.4 Long Blades
 - Level 1.6 Polearms
 + Level 0.5 Throwing
 + Level 3.1 Armour
 + Level 4.2 Dodging
 + Level 0.7 Stealth
 + Level 2.9 Spellcasting
 + Level 4.6 Charms


You had 2 spell levels left.
You knew the following spells:

 Your Spells              Type           Power        Failure   Level  Hunger
a - Infusion              Chrm           ##..         4%          1    #......
b - Song of Slaying       Chrm           ##......     6%          2    ###....
c - Shroud of Golubria    Chrm/Tloc      #.........   17%         2    ###....
d - Regeneration          Chrm/Necr      #.........   34%         3    ###....

Your spell library contained the following spells:

 Spells                   Type           Power        Failure   Level  Hunger
 Spectral Weapon          Hex/Chrm       #.......     34%         3    ###....


Dungeon Overview and Level Annotations

Branches:
Dungeon (4/15)
 Temple: D:4-7

Altars:
Ashenzari
Nemelex Xobeh
Ru
Xom


Innate Abilities, Weirdness & Mutations

Shadows flee at your approach. (+LOS)
You can swim through water.
You cover ground slowly.
You can hop short distances.


Message History

* * * LOW HITPOINT WARNING * * *
The orc closely misses you.
Casting: Song of Slaying (safe; 6% risk of failure)
Confirm with . or Enter, or press ? or * to list all spells.
Space distorts slightly along a thin shroud covering your body.
The orc wizard casts a spell at you. The puff of flame misses you.
The puff of flame hits the orc!
The orc dies!
The orc wizard hits you but does no damage.
You barely miss the orc wizard.
The orc wizard is almost dead.
The orc wizard hits you but does no damage.
You closely miss the orc wizard.
The orc wizard is almost dead.
The orc wizard points at you and mumbles some strange words.
The puff of frost hits you!
* * * LOW HITPOINT WARNING * * *
The orc wizard casts a spell at you. The magic dart hits you.
You die...

####################.
..................... ..
###.....####...#####...#
......>........)@oo'...#
###.....####...#####...#
# ####.## #.............
# #.#####....########
#..........).......
#.######...######## #.#
##..# #[# #..# #.# #..#


You could see an orc wizard and an orc.

Vanquished Creatures
  An ogre (D:2)
  An orc priest (D:3)
  An orc wizard (D:4)
  A worker ant (D:4)
  Robin (D:4)
  3 gnolls (D:4)
  3 adders
  3 worms
  5 dart slugs
  2 leopard geckos
  16 orcs
  2 ball pythons
  5 giant cockroaches
  14 goblins
  8 hobgoblins
  6 jackals
  4 kobolds
  A quokka (D:2)
  5 bats
  4 frilled lizards
  A quokka skeleton (D:4)
  6 rats
93 creatures vanquished.

Vanquished Creatures (others)
  An orc (D:4)
1 creature vanquished.

Grand Total: 94 creatures vanquished

Notes
Turn   | Place    | Note
-------+----------+-------------------------------------------
     0 | D:1      | Chronos the Barachi Skald began the quest for the Orb.
     0 | D:1      | Reached XP level 1. HP: 17/17 MP: 3/3
    75 | D:1      | Reached XP level 2. HP: 20/23 MP: 3/5
   713 | D:1      | Reached XP level 3. HP: 28/28 MP: 6/6
  1431 | D:2      | Reached XP level 4. HP: 34/34 MP: 7/7
  1615 | D:2      | Noticed an ogre
  1645 | D:2      | Killed an ogre
  1645 | D:2      | Reached XP level 5. HP: 32/41 MP: 0/8
  2876 | D:3      | Learned a level 2 spell: Song of Slaying
  2879 | D:3      | Learned a level 2 spell: Shroud of Golubria
  2883 | D:3      | Learned a level 3 spell: Regeneration
  2974 | D:3      | Found a shattered altar of Ashenzari.
  2974 | D:3      | Found a sparkling altar of Nemelex Xobeh.
  2977 | D:3      | Found a sacrificial altar of Ru.
  3291 | D:3      | Reached XP level 6. HP: 36/47 MP: 6/10
  3566 | D:3      | Found a shimmering altar of Xom.
  3858 | D:4      | Noticed Robin
  3862 | D:4      | Reached skill level 1 in Polearms
  3868 | D:4      | Killed Robin
  4372 | D:4      | Killed from afar by an orc wizard

Levels and vault maps discovered:
D:1:      giann_bridges, layout_basic
D:2:      layout_basic, first_ration
D:3:      layout_rooms, nicolae_overflow_hidden_temple
D:4:      layout_basic, serial_shops, shop, uniq_robin

Skill      XL: |  1  2  3  4  5  6 |
---------------+-------------------+-----
Charms         | 4 |  4.6
Dodging        | 3 4 |  4.2
Armour         | 2 3 |  3.1
Fighting       | 3 |  3.6
Polearms       | 1 |  1.6
Long Blades    | |  2.4
Throwing       | |  0.5
Stealth        | |  0.7
Spellcasting   | |  2.9

Action                   |  1- 3 |  4- 6 || total
-------------------------+-------+-------++-------
Melee: Falchion          |   109 |    63 ||   172
       Trident           |       |   128 ||   128
Throw: Tomahawk          |       |     4 ||     4
 Cast: Infusion          |     7 |    10 ||    17
       Shroud of Golubri |       |     4 ||     4
       Song of Slaying   |       |     4 ||     4
       Regeneration      |       |     1 ||     1
 Abil: Hop               |       |     3 ||     3
  Use: Potion            |       |     6 ||     6
       Scroll            |       |     1 ||     1
 Stab: Sleeping          |       |     1 ||     1
  Eat: Chunk             |     2 |    11 ||    13
Armor: Leather armour    |    33 |    28 ||    61
Dodge: Dodged            |    89 |   165 ||   254
       Rpst.: Falchion   |    31 |    18 ||    49

Table legend:
 A = Non-vault XP
 B = Vault XP
 C = Vault XP percentage of total XP
 D = Non-vault monster count
 E = Vault monster count
 F = Vault count percentage of total count
                 A         B        C        D         E       F
            +---------+---------+-------+---------+---------+-------
      Total |     484 |      27 |   5.3 |      86 |       7 |   7.5
            +---------+---------+-------+---------+---------+-------
        D:1 |      42 |       0 |   0.0 |      21 |       0 |   0.0
        D:2 |     180 |       0 |   0.0 |      24 |       0 |   0.0
        D:3 |     127 |       0 |   0.0 |      29 |       0 |   0.0
        D:4 |     135 |      27 |  16.7 |      12 |       7 |  36.8
            +---------+---------+-------+---------+---------+-------
